 Dungeon Crawl Stone Soup version 0.30.0-29-ga12c61a403 (webtiles) character file.

Game seed: 13698160715781737367

69 Fodor the Covered (level 4, -1/40 HPs)
             Began as a Minotaur Fighter on June 15, 2023.
             Was an Initiate of Gozag.
             Killed by divine providence
             ... invoked by an orc priest
              (15 damage)
             ... on level 3 of the Dungeon.
             The game lasted 00:07:40 (1240 turns).

Fodor the Covered (Minotaur Fighter)                Turns: 1240, Time: 00:07:43

Health: -1/40      AC:  7    Str: 22    XL:     4   Next: 2%
Magic:  3/3        EV:  9    Int:  5    God:    Gozag
Gold:   83         SH:  9    Dex: 10    Spells: 3/3 levels left

rFire   . . .        f - +0 dagger (elec)
rCold   . . .        c - +0 buckler
rNeg    . . .        b - +0 scale mail
rPois   .            (helmet restricted)
rElec   .            (no cloak)
rCorr   .            (no gloves)
SInv    .            (no boots)
Will    .....        j - amulet of reflection Stlth
                     (no ring)
HPRegen 0.26/turn    (no ring)
MPRegen 0.08/turn

%: reflection
@: no status effects
A: horns 2, retaliatory headbutt
a: Renounce Religion, Potion Petition, Call Merchant, Bribe Branch


You were on level 3 of the Dungeon.
You worshipped Gozag.
Gozag was noncommittal.
You visited 1 branch of the dungeon, and saw 3 of its levels.

You collected 122 gold pieces.
You paid 39 gold pieces to Gozag.

Inventory:

Hand Weapons
 f - a +0 dagger of electrocution (weapon)
Missiles
 e - 3 poisoned darts (quivered)
 i - 24 stones
Armour
 b - a +0 scale mail (worn)
 c - a +0 buckler (worn)
Jewellery
 j - an amulet of reflection (around neck)
Scrolls
 h - a scroll of identify
 k - a scroll of poison
Potions
 a - a potion of curing
 d - a potion of might
 g - a potion of attraction


   Skills:
 + Level 4.3 Fighting
 + Level 2.6 Short Blades
 + Level 4.4 Armour
 + Level 1.1 Dodging
 + Level 4.2 Shields


You had 3 spell levels left.
You didn't know any spells.
Your spell library was empty.

Dungeon Overview and Level Annotations

Branches:
Dungeon (3/15)

Altars:
Ashenzari
Gozag


Innate Abilities, Weirdness & Mutations

You have a pair of horns on your head.
You reflexively headbutt those who attack you in melee.


Message History

The goblin is moderately wounded.
The goblin hits you but does no damage. The hobgoblin hits you.
You hit the goblin but do no damage. Your headbutt misses the goblin.
The goblin is moderately wounded.
You block the goblin's attack. The hobgoblin barely misses you.
You furiously retaliate!
You headbutt the hobgoblin!
You kill the hobgoblin!
You have reached level 4!
You feel agile.
You barely miss the goblin.
The goblin is moderately wounded.
The goblin hits you with a +0 club.
You hit the goblin. Lightning courses through the goblin!
You kill the goblin!
You now have 25 gold pieces (gained 7).
e - a poisoned dart You see here a +0 club.
You see here a +0 club.
e - 2 poisoned darts (gained 1)
You now have 72 gold pieces (gained 47).
You see here a +0 whip.
You see here a +0 club.
e - 3 poisoned darts (gained 1)
You now have 83 gold pieces (gained 11).
You see here a +0 dagger.
An orc priest and an orc come into view.
The orc shouts!
The orc priest invokes the aid of Beogh against you.
Beogh smites you!
An orc comes into view. It is wielding a +0 hand axe.
The orc shouts!
An orc priest comes into view. It is wielding a +0 hand axe.
An orc wizard comes into view. It is wielding a +0 dagger.
The orc wizard shouts!
The orc priest mumbles some strange prayers to Beogh against you.
Beogh smites you!
The orc priest mumbles some strange prayers to Beogh against you.
Beogh smites you!
You die...
Your body crumbles into a pile of gold. ... o.. oo.

#.# #o# #.#
##o# #.@# #.##
###.####
##.#....#
####....##.###
+.......)....#
#...#8..8#)..#
#..##)...##..#
...##......##.#


You could see 2 orc priests, an orc wizard and 2 orcs.

Vanquished Creatures
  2 adders (D:3)
  4 orcs (D:3)
  5 ball pythons
  4 endoplasms
  A giant cockroach (D:1)
  7 goblins
  4 hobgoblins
  4 kobolds
  A quokka (D:2)
  3 bats
  2 frilled lizards
  6 rats
43 creatures vanquished.

Notes
Turn   | Place    | Note
-------+----------+-------------------------------------------
     0 | D:1      | Fodor the Minotaur Fighter began the quest for the Orb.
     0 | D:1      | Reached XP level 1. HP: 19/19 MP: 0/0
   168 | D:1      | Reached XP level 2. HP: 22/27 MP: 1/1
   823 | D:2      | Reached XP level 3. HP: 25/33 MP: 2/2
  1104 | D:3      | Reached skill level 1 in Dodging
  1136 | D:3      | Found a broken altar of Ashenzari.
  1136 | D:3      | Found an opulent altar of Gozag.
  1171 | D:3      | Became a worshipper of Gozag Ym Sagoz the Greedy
  1205 | D:3      | Reached XP level 4. HP: 37/40 MP: 3/3
  1240 | D:3      | Killed from afar by an orc priest

Illustrated notes

Levels and vault maps discovered:
D:1:      dpeg_arrival_rooms_c, layout_rooms
D:2:      layout_rooms
D:3:      layout_loops_corners, lemuel_crystal_altar, tgw_fedhas,
          jmf_multi_god_temple, uniq_grinder

Skill      XL: |  1  2  3 |
---------------+----------+-----
Fighting       | 4 |  4.3
Armour         | 4 |  4.4
Shields        | 4 |  4.2
Dodging        | 1 |  1.1
Short Blades   | |  2.6

Action                     |  1- 3 |  4- 6 || total
---------------------------+-------+-------++-------
  Melee: Rapier            |    15 |       ||    15
         Headbutt          |    22 |       ||    22
         Dagger            |   106 |     2 ||   108
  Throw: Dart              |     3 |       ||     3
    Use: Scroll            |     3 |       ||     3
 Armour: Scale mail        |    47 |       ||    47
  Dodge: Dodged            |    33 |       ||    33
  Block: Buckler           |    49 |       ||    49
